 Dungeon Crawl Stone Soup version 0.29.0-4-gdea44cf6ec (webtiles) character file.

Game seed: 15114650572383202535

89479 qw the Severer (level 15, -6/98 HPs)
             Began as a Gargoyle Berserker on Sept 6, 2022.
             Was an Elder of Trog.
             Killed by divine providence
             ... invoked by an orc priest
              (7 damage)
             ... on level 2 of the Orcish Mines.
             The game lasted 00:10:10 (24751 turns).

qw the Severer (Gargoyle Berserker)                Turns: 24751, Time: 00:10:11

Health: -6/98      AC: 41    Str: 30    XL:     15   Next: 97%
Magic:  15/15      EV: 10    Int:  9    God:    Trog [****..]
Gold:   1591       SH: 18    Dex: 19    Spells: 14/14 levels left

rFire   . . .      SeeInvis +   o - +7 broad axe of Dullness {vorpal, Str+3}
rCold   + . .      Faith    .   z - +0 kite shield
rNeg    + + .      Spirit   .   i - +0 plate armour
rPois   inf        Reflect  +   q - +0 hat of Elyvilon {Contam Will+ Dex+4 SInv}
rElec   +          Harm     .   n - +2 cloak
rCorr   .          Rampage  .   c - +2 pair of gloves
Will    ++...                   b - +2 pair of boots
Stlth   ..........              s - amulet of reflection
HPRegen 0.26/turn               p - ring of Jealousy {rC+ rN+ Dex+6 Stlth-}
MPRegen 0.14/turn               C - +4 ring of protection

@: on berserk cooldown, flying, slowed, very slow
A: sickness immunity, AC +11, big wings, negative energy resistance 1,
electricity resistance, torment resistance 1, petrification resistance
a: Renounce Religion, Berserk, Trog's Hand, Brothers in Arms


You were on level 2 of the Orcish Mines.
You worshipped Trog.
Trog was greatly pleased with you.
You visited 3 branches of the dungeon, and saw 22 of its levels.
You also visited: Sewer.

You collected 2272 gold pieces.
You spent 681 gold pieces at shops.


Innate Abilities, Weirdness & Mutations

You are immune to sickness and miasma.
Your stone body is resilient. (AC +11)
You are immune to poison.
Your large and strong wings let you fly.
You resist negative energy. (rN+)
You are resistant to electric shocks. (rElec)
You are resistant to unholy torment.
You are immune to petrification.


   Skills:
 - Level 13.0 Fighting
 + Level 17.2 Axes
 - Level 4.0 Throwing
 - Level 12.1 Armour
 - Level 6.0 Dodging
 - Level 13.0 Shields


You had 14 spell levels left.
You didn't know any spells.
Your spell library was empty.

Inventory:

Hand Weapons
 h - the +14 obsidian axe {vorpal, Mesm Drain Fly SInv}
   (You acquired it on level 9 of the Dungeon)

   It inflicts extra damage upon your enemies.
   It occasionally summons demons to assist the wielder when it strikes in
   combat.
   Its wielder is mesmerised by any visible foes.
   It cannot be unequipped while any foes are visible.
   SInv:      It lets you see invisible.
   Fly:       It grants you flight.
   Drain:     It drains your maximum health when unequipped.
 o - the +7 broad axe of Dullness (weapon) {vorpal, Str+3}
   (You acquired it on level 6 of the Dungeon)

   It inflicts extra damage upon your enemies.
   Str:       It affects your strength (+3).
 B - a +0 hand axe of flaming
 D - a +2 broad axe
Missiles
 a - 22 boomerangs
 w - 2 silver boomerangs (quivered)
Armour
 b - a +2 pair of boots (worn)
 c - a +2 pair of gloves (worn)
 i - a +0 plate armour (worn)
 l - a +0 helmet
 n - a +2 cloak (worn)
 q - the +0 hat of Elyvilon (worn) {Contam Will+ Dex+4 SInv}
   (You acquired it on level 6 of the Dungeon)

   Dex:       It affects your dexterity (+4).
   SInv:      It lets you see invisible.
   Contam:    It causes magical contamination when unequipped.
   Will:      It increases your willpower.
 z - a +0 kite shield (worn)
Jewellery
 p - the ring of Jealousy (left hand) {rC+ rN+ Dex+6 Stlth-}
   (You found it on level 7 of the Dungeon)

   [ring of protection from cold]

   Dex:       It affects your dexterity (+6).
   rC:        It protects you from cold.
   rN:        It protects you from negative energy.
   Stlth:     It makes you less stealthy.
 r - a ring of protection from fire
 s - an amulet of reflection (around neck)
 u - the amulet "Dakig" {Faith rC+ Str+2 Dex+2}
   (You found it on level 7 of the Dungeon)

   [amulet of faith]

   It allows you to gain divine favour quickly.
   Str:       It affects your strength (+2).
   Dex:       It affects your dexterity (+2).
   rC:        It protects you from cold.
 v - the ring "Utioxel" {Fly SInv}
   (You acquired it on level 13 of the Dungeon)

   [ring of see invisible]

   SInv:      It lets you see invisible.
   Fly:       It grants you flight.
 x - a ring of protection from fire
 C - a +4 ring of protection (right hand)
 Y - the ring "Cosid" {*Corrode AC+4 Str+3 Int+4}
   (You acquired it on level 6 of the Dungeon)

   [ring of protection]

   AC:        It affects your AC (+4).
   Str:       It affects your strength (+3).
   Int:       It affects your intelligence (+4).
   *Corrode:  It may corrode you when you take damage.
Scrolls
 f - 12 scrolls of identify
 g - 10 scrolls of teleportation
 y - 2 scrolls of enchant weapon
Potions
 d - 15 potions of curing
 e - 8 potions of heal wounds
 j - a potion of cancellation
 k - 4 potions of might
 m - 5 potions of resistance
 t - 6 potions of mutation
 A - 5 potions of haste

Dungeon Overview and Level Annotations

Branches:
Dungeon (15/15)            Temple (0/1) D:4            Lair (5/5) D:10
  Swamp (0/4) Lair:3       Spider (0/4) Lair:2        Slime (0/5) Lair:4
    Orc (2/2) D:12            Elf (0/3) Orc:2        Vaults (0/5) D:13
 Depths (0/4) D:15          Sewer (visited)

Altars:
Ashenzari
Cheibriados
Fedhas
Gozag
Hepliaklqana
Nemelex Xobeh
Qazlal
Uskayaw
Vehumet
Jiyva

Shops:
D:6 *   D:8 (   D:10 !

Portals:
Trove: D:13 (show abyssal rune of Zot)

Annotations:
D:11 3 runed translucent doors, qw's ghost, journeyman MiFi
Lair:2 1 runed translucent door, qw's ghost, journeyman GrBe


Message History

You block the orc warrior's attack.
The orc high priest says, "Oblivion to the unbeliever."
The orc warrior hits you but does no damage.
You block the orc warrior's attack. The orc warrior closely misses you. x2
You slash the orc warrior!
You kill the orc warrior!
Trog accepts your kill.
You completely miss the orc warrior. x2; You slice the orc warrior!!
You kill the orc warrior!
Trog accepts your kill.
The orc high priest calls upon Beogh to heal the orc warrior.
The orc warrior is healed somewhat.
You block the orc warrior's attack.
An orc knight comes into view.
It is wielding a +0 great mace of protection.
The orc warrior barely misses you.
The orc warrior hits you but does no damage.
You block the orc warrior's attack. x2
The orc high priest prays.
You slice the orc high priest!!
The orc high priest is severely wounded.
You slash the orc warrior! You closely miss the sun demon.
The orc warrior no longer looks unusually strong.
The orc high priest hits you but does no damage.
The orc knight roars a battlecry!
The orcs go into a battle-frenzy!
You block the orc warrior's attack. x2
The orc warrior hits you but does no damage.
The orc high priest calls upon Beogh to heal the orc warrior.
The orc warrior's wounds heal themselves!
The orc warrior hits you but does no damage.
The sun demon hits you.
You are engulfed in flames!
You slash the orc high priest!
The orc high priest is almost dead.
You hit the orc high priest. You slash the orc warrior!
You slash the sun demon! You block the sun demon's attack.
The orc high priest barely misses you. You block the orc high priest's attack.
The orc warrior hits you from afar with a +0 halberd! x2
The orc warrior hits you but does no damage. x2
The orc priest invokes the aid of Beogh against you.
Beogh smites you!
You die...

##...........##
# #...#...#...#
# ##.........##
#..#...#..#
##.......##
###)#.###
#.))))#
###o#)###
#.o@oo..#
#..#)3o#..#
#.43oo....#
#..o#43.#...#
#...oo......# #
... #...#.... #
#... .........
# #.. #...#...


You could see 2 orc knights, a soul eater (summoned), 3 orc high priests, a sun
demon (summoned), an orange demon (summoned), a smoke demon (summoned), 4 orc
warriors and an orc priest (strong).

Vanquished Creatures
  A stone giant (D:15)
  2 ettins
  A vault guard (D:13)
  9 hydras
  A rakshasa (D:14)
  An ogre mage (D:13)
  A boulder beetle (D:15)
  A death knight (D:13)
  A merfolk avatar (Lair:5)
  2 two-headed ogres
  5 centaur warriors
  5 death yaks (Lair:4)
  A tengu warrior (D:13)
  2 orc high priests (Orc:2)
  Amaemon (D:10)
  A shadow wraith (D:13)
  A deep troll (D:13)
  A harpy (Lair:5)
  3 orc knights (Orc:2)
  4 deep elf pyromancers
  18 ugly things
  A wolf spider (D:13)
  9 cyclopes
  4 elephants (Lair:5)
  5 black mambas
  4 manticores
  A torpor snail (Lair:3)
  A gargoyle (D:13)
  5 cane toads
  An orange demon (D:10)
  A kobold demonologist (D:13)
  An unseen horror (D:13)
  5 rime drakes
  9 komodo dragons
  A yaktaur (D:13)
  2 tengu conjurers (D:15)
  12 trolls
  2 hornets (Lair:5)
  A tyrant leech (Lair:3)
  11 slime creatures
  2 snapping turtles (Lair:5)
  A wind drake (Lair:5)
  A blink frog (Lair:5)
  2 shadows
  3 wyverns
  2 wraiths
  2 fire elementals (Lair:4)
  A basilisk (shapeshifter) (D:13)
  34 yaks
  A vampire (D:9)
  5 fire bats (Lair:4)
  2 basilisks
  2 steam dragons (D:6)
  6 vampire mosquitoes
  7 wargs
  Duvessa (D:5)
  A swamp worm (Lair:3)
  2 acid dragons
  11 water moccasins
  2 meliai simulacra (D:14)
  2 sky beasts (D:7)
  39 orc warriors
  A black bear (D:6)
  A black bear (shapeshifter) (D:14)
  5 boggarts (D:15)
  5 centaurs
  12 wolves
  5 ogres
  3 kobold brigands
  13 bullfrogs
  A necrophage (D:8)
  7 scorpions
  A gnoll sergeant (D:9)
  2 two-headed ogre simulacra (D:11)
  Dowan (D:5)
  4 killer bees
  8 electric eels
  8 howler monkeys
  7 hounds
  25 orc priests
  4 jellies
  Jessica (D:2)
  An iguana (D:7)
  Terence (D:2)
  15 orc wizards
  2 spriggan simulacra (D:11)
  2 naga simulacra (D:11)
  12 adders
  23 gnolls
  2 river rats
  A shadow imp (D:6)
  3 white imps
  3 ufetubi
  3 worms
  A dart slug (D:1)
  94 orcs
  5 endoplasms
  7 giant cockroaches
  2 goblins (D:4)
  5 hobgoblins
  7 jackals
  12 kobolds
  3 quokkas
  7 ball pythons
  3 bats
  4 frilled lizards
  12 rats
611 creatures vanquished.

Vanquished Creatures (collateral kills)
  Gastronok (Lair:3)
  3 hydras
  A boulder beetle (D:12)
  An orc high priest (Orc:2)
  An orc knight (Orc:2)
  A salamander (Lair:4)
  A cyclops (D:7)
  An ugly thing (D:7)
  3 elephants (Lair:5)
  2 black mambas
  A torpor snail (Lair:5)
  4 cane toads (Lair:5)
  3 komodo dragons
  A tyrant leech (Lair:3)
  A polar bear (Lair:3)
  2 hornets (Lair:5)
  2 trolls (D:12)
  5 dream sheep (Lair:5)
  A snapping turtle (Lair:5)
  6 yaks (Lair:5)
  2 wyverns (Lair:5)
  An acid dragon (D:9)
  4 water moccasins
  An ice beast (D:7)
  A wolf (Lair:2)
  A gnoll sergeant (D:9)
  3 scorpions (Lair:2)
  3 electric eels (Lair:1)
  An orc priest (Orc:2)
  A gnoll (D:9)
  2 white imps (D:8)
  3 worms (Lair:2)
  7 orcs
71 creatures vanquished.

Vanquished Creatures (others)
  An ugly thing (D:14)
  A gnoll (D:6)
  21 fungi
  92 plants
115 creatures vanquished.

Grand Total: 797 creatures vanquished

Notes
Turn   | Place    | Note
-------+----------+-------------------------------------------
     0 | D:1      | qw the Gargoyle Berserker began the quest for the Orb.
     0 | D:1      | Reached XP level 1. HP: 14/14 MP: 1/1
     0 | D:1      | 0 ||| qw: Version: 0.1-a-107-g9ff403c
     0 | D:1      | 0 ||| qw: Game counter: 6127
     0 | D:1      | 0 ||| qw: Always use a shield: true
     0 | D:1      | 0 ||| qw: Do Orc after D:15 true
     0 | D:1      | 0 ||| qw: Do second Lair branch before Depths: true
     0 | D:1      | 0 ||| qw: Lair rune preference: random
     0 | D:1      | 0 ||| qw: Plans: Normal
     0 | D:1      | 0 ||| PLANNING D:1-11
   141 | D:1      | 141 ||| Stepping ~*~*~tactically~*~*~ (stealth).
   143 | D:1      | 143 ||| Stepping ~*~*~tactically~*~*~ (stealth).
   155 | D:1      | Reached skill level 3 in Axes
   328 | D:1      | Reached XP level 2. HP: 19/19 MP: 2/2
   916 | D:1      | 916 ||| UPGRADING to +0 chain mail.
   926 | D:1      | 926 ||| DROPPING +0 animal skin.
   927 | D:1      | 927 ||| UPGRADING to +0 plate armour.
   937 | D:1      | 937 ||| DROPPING +0 chain mail.
   938 | D:1      | 938 ||| UPGRADING to amulet of the acrobat.
   943 | D:1      | 943 ||| READING scroll labelled WUPEIR DEASUSK.
   944 | D:1      | 944 ||| READING scroll labelled DYCOUM CEIX.
   945 | D:1      | 945 ||| DRINKING 2 yellow potions.
   946 | D:1      | 946 ||| DRINKING 2 bubbling inky potions.
   970 | D:2      | Noticed Terence
   971 | D:2      | 971 ||| INVOKING Berserk.
   980 | D:2      | Killed Terence
   981 | D:2      | Reached skill level 4 in Axes
   981 | D:2      | Reached XP level 3. HP: 19/23 MP: 3/3
  1494 | D:2      | Noticed Jessica
  1498 | D:2      | 1498 ||| Stepping ~*~*~tactically~*~*~ (hiding).
  1499 | D:2      | 1499 ||| Stepping ~*~*~tactically~*~*~ (hiding).
  1504 | D:2      | Reached XP level 4. HP: 28/28 MP: 4/4
  1517 | D:2      | Killed Jessica
  1734 | D:2      | 1734 ||| UPGRADING to +0 pair of gloves.
  1739 | D:2      | 1739 ||| UPGRADING to +0 helmet.
  1744 | D:2      | 1744 ||| UPGRADING to ring of protection from fire.
  1745 | D:2      | 1745 ||| READING scroll labelled UWKESI JON.
  2217 | D:3      | 2217 ||| INVOKING Berserk.
  2220 | D:3      | Reached skill level 3 in Armour
  2220 | D:3      | Reached XP level 5. HP: 32/32 MP: 5/5
  2227 | D:3      | Reached ** piety under Trog
  2228 | D:3      | Reached skill level 5 in Axes
  2339 | D:3      | 2339 ||| DROPPING +2 mace of protection.
  2351 | D:3      | Found a faded altar of an unknown god.
  2396 | D:3      | 2396 ||| INVOKING Berserk.
  2442 | D:3      | 2442 ||| DRINKING 2 potions of curing.
  2442 | D:3      | 2442 ||| (to cure confusion)
  2447 | D:3      | Reached XP level 6. HP: 36/38 MP: 6/6
  2713 | D:3      | 2713 ||| Stepping ~*~*~tactically~*~*~ (stealth).
  2769 | D:3      | 2769 ||| SWAPPING to +0 war axe.
  2770 | D:3      | 2770 ||| DROPPING +0 hand axe.
  2955 | D:3      | 2955 ||| UPGRADING to ring of protection from cold.
  2956 | D:3      | 2956 ||| READING scroll labelled UWKEISTRODDE.
  2957 | D:3      | 2957 ||| READING scroll labelled DOMEL OLERPH.
  2960 | D:3      | 2960 ||| DRINKING 2 white potions.
  3007 | D:3      | 3007 ||| DRINKING 2 cyan potions.
  3008 | D:3      | 3008 ||| DRINKING 2 fizzy grey potions.
  3009 | D:3      | 3009 ||| READING 4 scrolls of identify.
  3009 | D:3      | 3009 ||| IDENTIFYING smoky green potion
  3010 | D:3      | 3010 ||| READING 3 scrolls of identify.
  3010 | D:3      | 3010 ||| IDENTIFYING fizzy inky potion
  3011 | D:3      | 3011 ||| READING 2 scrolls of identify.
  3011 | D:3      | 3011 ||| IDENTIFYING puce potion
  3012 | D:3      | 3012 ||| DROPPING potion of lignification.
  3013 | D:3      | 3013 ||| DROPPING potion of invisibility.
  3014 | D:3      | 3014 ||| DROPPING potion of attraction.
  3015 | D:3      | 3015 ||| DROPPING potion of flight.
  3117 | D:4      | Found a staircase to the Ecumenical Temple.
  3165 | D:4      | 3165 ||| Stepping ~*~*~tactically~*~*~ (stealth).
  3167 | D:4      | 3167 ||| Stepping ~*~*~tactically~*~*~ (stealth).
  3171 | D:4      | 3171 ||| Stepping ~*~*~tactically~*~*~ (stealth).
  3242 | D:4      | 3242 ||| INVOKING Berserk.
  3366 | D:4      | 3366 ||| INVOKING Berserk.
  3371 | D:4      | Reached skill level 6 in Axes
  3491 | D:4      | 3491 ||| INVOKING Berserk.
  3495 | D:4      | Reached XP level 7. HP: 43/43 MP: 7/7
  3885 | D:4      | 3885 ||| DROPPING +2 hat.
  3886 | D:4      | 3886 ||| DROPPING amulet of regeneration.
  3887 | D:4      | 3887 ||| UPGRADING to amulet of reflection.
  3897 | D:4      | 3897 ||| DROPPING amulet of the acrobat.
  3898 | D:4      | 3898 ||| READING scroll labelled FOKHUS RUK.
  3899 | D:4      | 3899 ||| READING scroll labelled KAUTESA ZORGHE.
  3907 | D:5      | Entered Level 5 of the Dungeon
  3911 | D:5      | Noticed Duvessa
  3911 | D:5      | Noticed Dowan
  3914 | D:5      | 3914 ||| INVOKING Berserk.
  3920 | D:5      | Killed Dowan
  3921 | D:5      | Killed Duvessa
  4054 | D:5      | 4054 ||| Stepping ~*~*~tactically~*~*~ (stealth).
  4167 | D:5      | 4167 ||| INVOKING Berserk.
  4170 | D:5      | Reached skill level 7 in Axes
  4357 | D:5      | 4357 ||| INVOKING Berserk.
  4361 | D:5      | Reached XP level 8. HP: 49/49 MP: 8/8
  4368 | D:5      | Reached skill level 1 in Throwing
  4947 | D:5      | 4947 ||| READING 2 scrolls labelled BUASEHA LASANLORPH.
  4948 | D:5      | 4948 ||| READING scroll labelled VISYPU ZUULUP.
  4949 | D:5      | 4949 ||| READING 4 scrolls of identify.
  4949 | D:5      | 4949 ||| IDENTIFYING brown potion
  4950 | D:5      | 4950 ||| READING 3 scrolls of identify.
  4950 | D:5      | 4950 ||| IDENTIFYING fuming silvery potion
  4951 | D:5      | 4951 ||| DROPPING scroll of immolation.
  4952 | D:5      | 4952 ||| DROPPING potion of brilliance.
  4953 | D:5      | 4953 ||| DROPPING potion of ambrosia.
  4960 | D:6      | 4960 ||| PLANNING SEWER
  5006 | D:6      | 5006 ||| INVOKING Berserk.
  5012 | D:6      | Reached skill level 8 in Axes
  5124 | D:6      | Found Jita Kei's Assorted Antiques.
  5129 | D:6      | 5129 ||| BUYING scroll labelled IMIGAEMYNUE (29 gold).
  5129 | D:6      | Bought a scroll labelled IMIGAEMYNUE for 29 gold pieces
  5129 | D:6      | 5129 ||| BUYING scroll labelled SETI KIROPN (29 gold).
  5129 | D:6      | Bought a scroll labelled SETI KIROPN for 29 gold pieces
  5129 | D:6      | 5129 ||| BUYING scroll labelled SETI KIROPN (29 gold).
  5129 | D:6      | Bought a scroll labelled SETI KIROPN for 29 gold pieces
  5129 | D:6      | 5129 ||| BUYING scroll labelled UZORET MACUROA (29 gold).
  5129 | D:6      | Bought a scroll labelled UZORET MACUROA for 29 gold pieces
  5149 | D:6      | Reached *** piety under Trog
  5228 | D:6      | Found a glowing drain.
  5229 | D:6      | 5229 ||| UPGRADING to +0 pair of boots.
  5234 | D:6      | 5234 ||| UPGRADING to +0 buckler.
  5239 | D:6      | 5239 ||| READING scroll labelled IMIGAEMYNUE.
  5239 | D:6      | 5239 ||| ACQUIRING +7 broad axe of Dullness {vorpal, Str+3}
  5239 | D:6      | Acquired the +7 broad axe of Dullness {vorpal, Str+3}
  5241 | D:6      | 5241 ||| SWAPPING to +7 broad axe of Dullness {vorpal,
                  | Str+3}.
  5242 | D:6      | 5242 ||| DROPPING +0 war axe.
  5243 | D:6      | 5243 ||| READING 2 scrolls labelled SETI KIROPN.
  5244 | D:6      | 5244 ||| READING scroll labelled UZORET MACUROA.
  5245 | D:6      | 5245 ||| DROPPING scroll of fear.
  5311 | Sewer    | Entered a sewer
  5324 | Sewer    | 5324 ||| Stepping ~*~*~tactically~*~*~ (stealth).
  5330 | Sewer    | Reached skill level 1 in Shields
  5410 | Sewer    | 5410 ||| Stepping ~*~*~tactically~*~*~ (stealth).
  5412 | Sewer    | 5412 ||| Stepping ~*~*~tactically~*~*~ (stealth).
  5452 | Sewer    | 5452 ||| Stepping ~*~*~tactically~*~*~ (stealth).
  5595 | Sewer    | 5595 ||| READING 2 scrolls of identify.
  5595 | Sewer    | 5595 ||| IDENTIFYING green potion
  5596 | Sewer    | 5596 ||| DROPPING potion of degeneration.
  5624 | D:6      | 5624 ||| PLANNING D:1-11
  5658 | D:6      | 5658 ||| INVOKING Berserk.
  5664 | D:6      | Reached XP level 9. HP: 55/55 MP: 9/9
  5679 | D:6      | 5679 ||| STAIRDANCE
  5781 | D:5      | 5781 ||| READING scroll labelled KUAJOW TYASM.
  5791 | D:6      | 5791 ||| Stepping ~*~*~tactically~*~*~ (hiding).
  5921 | D:6      | 5921 ||| READING 3 scrolls of acquirement.
  5921 | D:6      | 5921 ||| ACQUIRING ring "Cosid" {*Corrode AC+4 Str+3 Int+4}
  5921 | D:6      | Acquired the ring "Cosid" {*Corrode AC+4 Str+3 Int+4}
  5923 | D:6      | 5923 ||| DROPPING ring of resist corrosion.
  5924 | D:6      | 5924 ||| READING 2 scrolls of acquirement.
  5924 | D:6      | 5924 ||| ACQUIRING +0 hat of Elyvilon {Contam Will+ Dex+4
                  | SInv}
  5924 | D:6      | Acquired the +0 hat of Elyvilon {Contam Will+ Dex+4 SInv}
  5926 | D:6      | 5926 ||| UPGRADING to +0 hat of Elyvilon {Contam Will+
                  | Dex+4 SInv}.
  5936 | D:6      | 5936 ||| READING scroll of acquirement.
  5936 | D:6      | 5936 ||| ACQUIRING +2 buckler of Articulation {Int+3 SInv
                  | Stlth+}
  5936 | D:6      | Acquired the +2 buckler of Articulation {Int+3 SInv Stlth+}
  5938 | D:6      | 5938 ||| UPGRADING to +2 buckler of Articulation {Int+3
                  | SInv Stlth+}.
  5948 | D:6      | 5948 ||| DROPPING +0 buckler.
  6055 | D:6      | Reached skill level 6 in Fighting
  6055 | D:6      | Identified the ring "Ziatta" {rPois rC+ Int+3}
  6116 | D:6      | 6116 ||| Stepping ~*~*~tactically~*~*~ (stealth).
  6119 | D:6      | Identified the +11 flail of the Owl {drain, SInv}
  6121 | D:6      | 6121 ||| DROPPING +0 flail.
  6307 | D:6      | 6307 ||| DROPPING ring "Ziatta" {rPois rC+ Int+3}.
  6308 | D:6      | 6308 ||| UPGRADING to ring "Cosid" {*Corrode AC+4 Str+3
                  | Int+4}.
  6310 | D:6      | 6310 ||| READING 2 scrolls of identify.
  6310 | D:6      | 6310 ||| IDENTIFYING black potion
  6349 | D:7      | You fall into a shaft and drop 3 floors!
  6349 | D:10     | Entered Level 10 of the Dungeon
  6361 | D:10     | 6361 ||| INVOKING Berserk.
  6506 | D:10     | Found a hazy altar of Hepliaklqana.
  6506 | D:10     | Found a snail-covered altar of Cheibriados.
  6527 | D:10     | Noticed a troll
  6528 | D:10     | Noticed a troll
  6532 | D:10     | 6532 ||| INVOKING Berserk.
  6535 | D:10     | Killed a troll
  6536 | D:10     | Reached skill level 9 in Axes
  6537 | D:10     | Killed a troll
  6549 | D:10     | Reached skill level 6 in Armour
  6552 | D:10     | Reached XP level 10. HP: 17/63 MP: 10/10
  6552 | D:10     | HP: 9/63 [yak (8)]
  6553 | D:10     | 6553 ||| READING 2 scrolls of teleportation.
  6554 | D:10     | 6554 ||| DRINKING 4 potions of heal wounds.
  6732 | D:9      | 6732 ||| INVOKING Berserk.
  6900 | D:9      | 6900 ||| Stepping ~*~*~tactically~*~*~ (stealth).
  6901 | D:9      | 6901 ||| Stepping ~*~*~tactically~*~*~ (stealth).
  6909 | D:9      | 6909 ||| Stepping ~*~*~tactically~*~*~ (stealth).
  6911 | D:9      | 6911 ||| Stepping ~*~*~tactically~*~*~ (hiding).
  7056 | D:9      | 7056 ||| INVOKING Berserk.
  7060 | D:9      | Reached skill level 10 in Axes
  7175 | D:9      | Noticed a green ugly thing
  7176 | D:9      | 7176 ||| Stepping ~*~*~tactically~*~*~ (stealth).
  7188 | D:9      | Killed a green ugly thing
  7299 | D:9      | Reached **** piety under Trog
  7348 | D:9      | 7348 ||| READING scroll of acquirement.
  7348 | D:9      | 7348 ||| ACQUIRING +14 obsidian axe {vorpal, Mesm Drain Fly
                  | SInv}
  7348 | D:9      | Acquired the +14 obsidian axe {vorpal, Mesm Drain Fly SInv}
  7348 | D:9      | Found the +14 obsidian axe {vorpal, Mesm Drain Fly SInv}
  7350 | D:9      | 7350 ||| SWAPPING to +14 obsidian axe {vorpal, Mesm Drain
                  | Fly SInv}.
  7354 | D:9      | 7354 ||| Stepping ~*~*~tactically~*~*~ (stealth).
  7374 | D:9      | 7374 ||| READING 2 scrolls of identify.
  7374 | D:9      | 7374 ||| IDENTIFYING inky potion
  7375 | D:9      | 7375 ||| DROPPING potion of magic.
  7386 | D:8      | Found a radiant altar of Vehumet.
  7523 | D:8      | 7523 ||| FLEEEEING.
  7526 | D:8      | 7526 ||| FLEEEEING.
  7527 | D:8      | 7527 ||| STAIRDANCE
  7538 | D:7      | 7538 ||| FLEEEEING.
  7650 | D:7      | Identified the +1 trident of Bovoin {drain, rElec}
  7713 | D:7      | 7713 ||| Stepping ~*~*~tactically~*~*~ (stealth).
  7808 | D:7      | 7808 ||| Stepping ~*~*~tactically~*~*~ (stealth).
  7821 | D:7      | Noticed a green ugly thing
  7828 | D:7      | Killed a green ugly thing
  7838 | D:7      | Found a broken altar of Ashenzari.
  8164 | D:7      | Reached skill level 11 in Axes
  8189 | D:7      | Identified the ring of Bywos {Fly rPois rC+ Will+ Dex-4}
  8217 | D:7      | Noticed a two-headed ogre
  8224 | D:7      | Killed a two-headed ogre
  8225 | D:7      | Reached skill level 9 in Fighting
  8225 | D:7      | Reached XP level 11. HP: 71/71 MP: 11/11
  8240 | D:7      | Noticed a cyclops
  8244 | D:7      | Noticed an eight-headed hydra
  8245 | D:7      | 8245 ||| INVOKING Brothers in Arms.
  8248 | D:7      | Killed a cyclops
  8249 | D:7      | 8249 ||| SWAPPING to +11 flail of the Owl {drain, SInv}.
  8250 | D:7      | 8250 ||| INVOKING Berserk.
  8251 | D:7      | Killed an eight-headed hydra
  8292 | D:7      | 8292 ||| SWAPPING to +14 obsidian axe {vorpal, Mesm Drain
                  | Fly SInv}.
  8344 | D:7      | 8344 ||| Stepping ~*~*~tactically~*~*~ (stealth).
  8367 | D:7      | Identified the ring of Jealousy {rC+ rN+ Dex+6 Stlth-}
  8370 | D:7      | Identified the amulet "Dakig" {Faith rC+ Str+2 Dex+2}
  8380 | D:7      | Identified the ring "Xeekut" {rN+ rCorr Str-4 Int+3}
  8429 | D:7      | 8429 ||| UPGRADING to ring of Bywos {Fly rPois rC+ Will+
                  | Dex-4}.
  8431 | D:7      | 8431 ||| UPGRADING to ring of Jealousy {rC+ rN+ Dex+6
                  | Stlth-}.
  8433 | D:7      | 8433 ||| UPGRADING to ring of protection from fire.
  8435 | D:7      | 8435 ||| UPGRADING to ring "Cosid" {*Corrode AC+4 Str+3
                  | Int+4}.
  8437 | D:7      | 8437 ||| DROPPING ring of Bywos {Fly rPois rC+ Will+
                  | Dex-4}.
  8438 | D:7      | 8438 ||| DROPPING +6 ring of dexterity.
  8439 | D:7      | 8439 ||| DROPPING ring of protection from cold.
  8440 | D:7      | 8440 ||| DROPPING ring "Xeekut" {rN+ rCorr Str-4 Int+3}.
  8464 | D:7      | Reached skill level 3 in Dodging
  8614 | D:8      | Found an opulent altar of Gozag.
  8756 | D:8      | Found Fiameoga's Antique Weapon Emporium.
  8893 | D:8      | Found a sparkling altar of Nemelex Xobeh.
  8894 | D:8      | 8894 ||| Stepping ~*~*~tactically~*~*~ (hiding).
  9002 | D:8      | Found a blossoming altar of Fedhas.
  9007 | D:8      | Found a stormy altar of Qazlal.
  9091 | D:8      | 9091 ||| READING 2 scrolls of identify.
  9091 | D:8      | 9091 ||| IDENTIFYING viscous puce potion
  9533 | D:10     | 9533 ||| READING scroll of enchant armour.
  9533 | D:10     | 9533 ||| ENCHANTING +0 pair of gloves.
  9768 | D:10     | Found Pyhoys's Distillery.
  9776 | D:10     | 9776 ||| BUYING 2 potions of heal wounds (150 gold).
  9776 | D:10     | Bought 2 potions of heal wounds for 150 gold pieces
  9776 | D:10     | 9776 ||| BUYING 2 potions of resistance (300 gold).
  9776 | D:10     | Bought 2 potions of resistance for 300 gold pieces
  9776 | D:10     | 9776 ||| BUYING potion of curing (45 gold).
  9776 | D:10     | Bought a potion of curing for 45 gold pieces
  9776 | D:10     | 9776 ||| SHOPLISTING potion of curing (45 gold, have 13).
  9776 | D:10     | 9776 ||| SHOPLISTING potion of haste (150 gold, have 13).
  9776 | D:10     | 9776 ||| SHOPLISTING potion of heal wounds (75 gold, have
                  | 13).
  9776 | D:10     | 9776 ||| SHOPLISTING potion of might (60 gold, have 13).
  9789 | D:10     | Noticed Amaemon
  9791 | D:10     | Found a staircase to the Lair.
  9799 | D:10     | Killed Amaemon
  9804 | D:10     | Reached skill level 12 in Axes
  9839 | D:10     | 9839 ||| DROPPING +11 flail of the Owl {drain, SInv}.
  9840 | D:10     | 9840 ||| PLANNING LAIR
  9840 | D:10     | 9840 ||| READING 4 scrolls of identify.
  9840 | D:10     | 9840 ||| IDENTIFYING sedimented inky potion
  9841 | D:10     | 9841 ||| DROPPING potion of berserk rage.
  9849 | Lair:1   | Entered Level 1 of the Lair of Beasts
  9951 | Lair:1   | 9951 ||| INVOKING Berserk.
 10043 | Lair:1   | 10043 ||| READING scroll of enchant armour.
 10043 | Lair:1   | 10043 ||| ENCHANTING +1 pair of gloves.
 10070 | Lair:1   | Reached skill level 6 in Shields
 10293 | Lair:1   | Noticed a six-headed hydra
 10294 | Lair:1   | 10294 ||| INVOKING Brothers in Arms.
 10295 | Lair:1   | 10295 ||| INVOKING Brothers in Arms.
 10297 | Lair:1   | Killed an eight-headed hydra
 10458 | Lair:1   | Reached XP level 12. HP: 75/77 MP: 12/12
 10575 | Lair:1   | 10575 ||| READING scroll of enchant armour.
 10575 | Lair:1   | 10575 ||| ENCHANTING +0 pair of boots.
 10739 | Lair:1   | 10739 ||| READING scroll labelled GUQIEW KEIN.
 10749 | Lair:2   | Reached skill level 13 in Axes
 10773 | Lair:2   | Found a hole to the Spider Nest.
 10805 | Lair:2   | 10805 ||| Stepping ~*~*~tactically~*~*~ (stealth).
 10849 | Lair:2   | Reached skill level 9 in Armour
 10891 | Lair:2   | Found a runed translucent door.
 10892 | Lair:2   | Noticed qw's ghost (journeyman GrBe)
 11313 | Lair:2   | Reached ***** piety under Trog
 11400 | Lair:2   | Found the +8 whip "Snakebite" {venom, curare, rPois}
 11709 | Lair:2   | 11709 ||| DROPPING amulet of faith.
 11710 | Lair:2   | 11710 ||| READING scroll labelled TOAM XIRGHIKUXT.
 11711 | Lair:2   | 11711 ||| READING scroll labelled KUTESHU APUHUUQI.
 11812 | Lair:2   | 11812 ||| READING 6 scrolls of identify.
 11812 | Lair:2   | 11812 ||| IDENTIFYING purple potion
 11866 | Lair:3   | Found a staircase to the Swamp.
 11868 | Lair:3   | 11868 ||| Stepping ~*~*~tactically~*~*~ (hiding).
 11873 | Lair:3   | 11873 ||| INVOKING Brothers in Arms.
 11877 | Lair:3   | 11877 ||| INVOKING Berserk.
 12171 | Lair:3   | Noticed Gastronok
 12187 | Lair:3   | Killed Gastronok
 12188 | Lair:3   | Reached skill level 14 in Axes
 12486 | Lair:3   | 12486 ||| INVOKING Berserk.
 12598 | Lair:3   | Found the +4 skin of Zhor {*Englaciate rC+++ SInv}
 12720 | Lair:3   | You are sucked into a shaft and drop 2 floors!
 12720 | Lair:5   | Entered Level 5 of the Lair of Beasts
 12721 | Lair:5   | 12721 ||| PLANNING GAUNTLET
 12724 | Lair:5   | Noticed an eight-headed hydra
 12724 | Lair:5   | 12724 ||| INVOKING Brothers in Arms.
 12725 | Lair:5   | 12725 ||| INVOKING Brothers in Arms.
 12726 | Lair:5   | 12726 ||| INVOKING Brothers in Arms.
 12735 | Lair:5   | Noticed a seven-headed hydra
 12736 | Lair:5   | Killed a 13-headed hydra
 12737 | Lair:5   | Reached XP level 13. HP: 75/84 MP: 13/13
 12737 | Lair:5   | 12737 ||| INVOKING Brothers in Arms.
 12855 | Lair:5   | 12855 ||| FLEEEEING.
 12860 | Lair:5   | Reached skill level 15 in Axes
 12929 | Lair:5   | 12929 ||| FLEEEEING.
 12930 | Lair:5   | 12930 ||| FLEEEEING.
 12931 | Lair:5   | 12931 ||| FLEEEEING.
 12940 | Lair:5   | 12940 ||| STAIRDANCE
 13111 | Lair:5   | 13111 ||| FLEEEEING.
 13171 | Lair:5   | 13171 ||| Stepping ~*~*~tactically~*~*~ (stealth).
 13179 | Lair:5   | 13179 ||| Stepping ~*~*~tactically~*~*~ (stealth).
 13180 | Lair:5   | 13180 ||| Stepping ~*~*~tactically~*~*~ (stealth).
 13181 | Lair:5   | 13181 ||| Stepping ~*~*~tactically~*~*~ (hiding).
 13182 | Lair:5   | 13182 ||| Stepping ~*~*~tactically~*~*~ (stealth).
 13183 | Lair:5   | 13183 ||| Stepping ~*~*~tactically~*~*~ (hiding).
 13185 | Lair:5   | 13185 ||| INVOKING Trog's Hand.
 13189 | Lair:5   | 13189 ||| Stepping ~*~*~tactically~*~*~ (hiding).
 13195 | Lair:5   | 13195 ||| INVOKING Berserk.
 13298 | Lair:5   | 13298 ||| RIP GAUNTLET
 13328 | Lair:5   | 13328 ||| PLANNING LAIR
 13755 | Lair:4   | Reached skill level 12 in Fighting
 13908 | Lair:4   | 13908 ||| Stepping ~*~*~tactically~*~*~ (stealth).
 14444 | Lair:4   | Found a staircase to the Slime Pits.
 14445 | Lair:4   | Found a viscous altar of Jiyva.
 14613 | Lair:5   | Gained mutation: Your large and strong wings let you fly.
                  | [Gargoyle growth]
 14613 | Lair:5   | Reached XP level 14. HP: 81/92 MP: 14/14
 14615 | Lair:5   | 14615 ||| SWAPPING to +7 broad axe of Dullness {vorpal,
                  | Str+3}.
 14631 | Lair:5   | Reached skill level 16 in Axes
 14650 | Lair:5   | 14650 ||| Stepping ~*~*~tactically~*~*~ (stealth).
 14654 | Lair:5   | 14654 ||| Stepping ~*~*~tactically~*~*~ (stealth).
 14656 | Lair:5   | 14656 ||| Stepping ~*~*~tactically~*~*~ (hiding).
 14719 | Lair:5   | Identified the +5 leather armour of Hynymp {Rampage Str+4}
 15097 | Lair:5   | 15097 ||| PLANNING D:1-11
 15342 | D:11     | 15342 ||| FLEEEEING.
 15343 | D:11     | 15343 ||| FLEEEEING.
 15344 | D:11     | 15344 ||| FLEEEEING.
 15351 | D:11     | 15351 ||| FLEEEEING.
 15352 | D:11     | 15352 ||| FLEEEEING.
 15353 | D:11     | 15353 ||| FLEEEEING.
 15354 | D:11     | 15354 ||| FLEEEEING.
 15355 | D:11     | 15355 ||| FLEEEEING.
 15356 | D:11     | 15356 ||| FLEEEEING.
 15358 | D:11     | 15358 ||| FLEEEEING.
 15359 | D:11     | 15359 ||| FLEEEEING.
 15363 | D:11     | 15363 ||| FLEEEEING.
 15381 | D:11     | 15381 ||| FLEEEEING.
 15382 | D:11     | 15382 ||| FLEEEEING.
 15383 | D:11     | 15383 ||| FLEEEEING.
 15384 | D:11     | 15384 ||| FLEEEEING.
 15385 | D:11     | 15385 ||| FLEEEEING.
 15386 | D:11     | 15386 ||| FLEEEEING.
 15387 | D:11     | 15387 ||| FLEEEEING.
 15402 | D:11     | 15402 ||| FLEEEEING.
 15405 | D:11     | 15405 ||| FLEEEEING.
 15463 | D:11     | 15463 ||| Stepping ~*~*~tactically~*~*~ (stealth).
 15468 | D:11     | 15468 ||| Stepping ~*~*~tactically~*~*~ (stealth).
 15472 | D:11     | 15472 ||| Stepping ~*~*~tactically~*~*~ (hiding).
 15540 | D:11     | 15540 ||| INVOKING Brothers in Arms.
 15541 | D:11     | 15541 ||| SWAPPING to -2 demon whip of venom.
 15542 | D:11     | 15542 ||| INVOKING Berserk.
 15571 | D:11     | 15571 ||| SWAPPING to +7 broad axe of Dullness {vorpal,
                  | Str+3}.
 15701 | D:11     | Identified the +2 mace of Rubbish {elec, Will+}
 15718 | D:11     | 15718 ||| Stepping ~*~*~tactically~*~*~ (stealth).
 15791 | D:11     | Found a frozen archway.
 15793 | D:11     | 15793 ||| Stepping ~*~*~tactically~*~*~ (stealth).
 16052 | D:11     | Found a runed translucent gate.
 16053 | D:11     | Found a runed translucent gate.
 16053 | D:11     | Found a runed translucent gate.
 16054 | D:11     | Found an opulent altar of Gozag.
 16054 | D:11     | Noticed qw's ghost (journeyman MiFi)
 16063 | D:11     | 16063 ||| INVOKING Brothers in Arms.
 16064 | D:11     | 16064 ||| SWAPPING to -2 demon whip of venom.
 16065 | D:11     | 16065 ||| INVOKING Berserk.
 16087 | D:11     | 16087 ||| SWAPPING to +7 broad axe of Dullness {vorpal,
                  | Str+3}.
 16305 | D:11     | 16305 ||| PLANNING D
 16305 | D:11     | 16305 ||| DROPPING amulet of magic regeneration.
 16362 | D:12     | 16362 ||| Stepping ~*~*~tactically~*~*~ (stealth).
 16368 | D:12     | 16368 ||| Stepping ~*~*~tactically~*~*~ (stealth).
 16524 | D:12     | 16524 ||| Stepping ~*~*~tactically~*~*~ (hiding).
 16526 | D:12     | 16526 ||| Stepping ~*~*~tactically~*~*~ (hiding).
 16648 | D:12     | 16648 ||| Stepping ~*~*~tactically~*~*~ (stealth).
 16682 | D:12     | 16682 ||| Stepping ~*~*~tactically~*~*~ (stealth).
 16684 | D:12     | 16684 ||| Stepping ~*~*~tactically~*~*~ (stealth).
 16709 | D:12     | 16709 ||| Stepping ~*~*~tactically~*~*~ (stealth).
 16710 | D:12     | 16710 ||| Stepping ~*~*~tactically~*~*~ (stealth).
 16839 | D:12     | 16839 ||| INVOKING Brothers in Arms.
 16842 | D:12     | 16842 ||| INVOKING Berserk.
 16999 | D:12     | 16999 ||| INVOKING Brothers in Arms.
 17000 | D:12     | 17000 ||| INVOKING Brothers in Arms.
 17001 | D:12     | 17001 ||| SWAPPING to -2 demon whip of venom.
 17002 | D:12     | 17002 ||| INVOKING Berserk.
 17045 | D:12     | 17045 ||| SWAPPING to +7 broad axe of Dullness {vorpal,
                  | Str+3}.
 17194 | D:12     | 17194 ||| Stepping ~*~*~tactically~*~*~ (stealth).
 17195 | D:12     | 17195 ||| Stepping ~*~*~tactically~*~*~ (stealth).
 17428 | D:12     | 17428 ||| Stepping ~*~*~tactically~*~*~ (stealth).
 17530 | D:12     | Found a staircase to the Orcish Mines.
 17605 | D:12     | 17605 ||| UPGRADING to +0 kite shield.
 17615 | D:12     | 17615 ||| DROPPING +2 buckler of Articulation {Int+3 SInv
                  | Stlth+}.
 17616 | D:12     | 17616 ||| DROPPING +1 pair of boots.
 17617 | D:12     | 17617 ||| UPGRADING to +4 ring of protection.
 17700 | D:13     | 17700 ||| Stepping ~*~*~tactically~*~*~ (hiding).
 17701 | D:13     | 17701 ||| Stepping ~*~*~tactically~*~*~ (hiding).
 17702 | D:13     | 17702 ||| Stepping ~*~*~tactically~*~*~ (hiding).
 17703 | D:13     | 17703 ||| Stepping ~*~*~tactically~*~*~ (hiding).
 17864 | D:13     | 17864 ||| Stepping ~*~*~tactically~*~*~ (stealth).
 17937 | D:13     | 17937 ||| INVOKING Berserk.
 17955 | D:13     | Reached skill level 9 in Shields
 18089 | D:13     | Found a gate to the Vaults.
 18093 | D:13     | 18093 ||| DROPPING +1 morningstar of holy wrath.
 18216 | D:13     | 18216 ||| FLEEEEING.
 18217 | D:13     | 18217 ||| FLEEEEING.
 18218 | D:13     | 18218 ||| FLEEEEING.
 18219 | D:13     | 18219 ||| FLEEEEING.
 18241 | D:13     | 18241 ||| FLEEEEING.
 18313 | D:13     | 18313 ||| Stepping ~*~*~tactically~*~*~ (hiding).
 18322 | D:13     | 18322 ||| INVOKING Berserk.
 18400 | D:13     | 18400 ||| FLEEEEING.
 18620 | D:13     | 18620 ||| READING scroll of acquirement.
 18620 | D:13     | 18620 ||| ACQUIRING ring "Utioxel" {Fly SInv}
 18620 | D:13     | Acquired the ring "Utioxel" {Fly SInv}
 18622 | D:13     | Found a portal to a secret trove of treasure.
 18841 | D:13     | 18841 ||| Stepping ~*~*~tactically~*~*~ (stealth).
 18844 | D:13     | 18844 ||| INVOKING Berserk.
 18991 | D:13     | 18991 ||| INVOKING Brothers in Arms.
 18992 | D:13     | 18992 ||| SWAPPING to -2 demon whip of venom.
 18993 | D:13     | 18993 ||| INVOKING Berserk.
 19029 | D:13     | 19029 ||| SWAPPING to +7 broad axe of Dullness {vorpal,
                  | Str+3}.
 19135 | D:13     | Identified the +10 falchion of a Thousand Ziggurats {venom,
                  | rElec}
 19200 | D:13     | Identified the +7 rapier of the Dead {vorpal, Int+2}
 19207 | D:13     | 19207 ||| Stepping ~*~*~tactically~*~*~ (hiding).
 19208 | D:13     | 19208 ||| FLEEEEING.
 19211 | D:13     | 19211 ||| FLEEEEING.
 19212 | D:13     | 19212 ||| FLEEEEING.
 19213 | D:13     | 19213 ||| FLEEEEING.
 19214 | D:13     | 19214 ||| FLEEEEING.
 19215 | D:13     | 19215 ||| FLEEEEING.
 19216 | D:13     | 19216 ||| FLEEEEING.
 19217 | D:13     | 19217 ||| FLEEEEING.
 19218 | D:13     | 19218 ||| FLEEEEING.
 19219 | D:13     | 19219 ||| FLEEEEING.
 19227 | D:13     | 19227 ||| INVOKING Berserk.
 19415 | D:13     | 19415 ||| INVOKING Trog's Hand.
 19416 | D:13     | 19416 ||| INVOKING Berserk.
 19428 | D:13     | Reached XP level 15. HP: 96/96 MP: 15/15
 19862 | D:13     | 19862 ||| UPGRADING to +2 cloak.
 19962 | D:14     | 19962 ||| Stepping ~*~*~tactically~*~*~ (hiding).
 19968 | D:14     | Reached skill level 12 in Shields
 20103 | D:14     | 20103 ||| SWAPPING to -2 demon whip of venom.
 20104 | D:14     | 20104 ||| INVOKING Berserk.
 20128 | D:14     | 20128 ||| SWAPPING to +7 broad axe of Dullness {vorpal,
                  | Str+3}.
 20253 | D:14     | 20253 ||| INVOKING Berserk.
 20557 | D:14     | 20557 ||| Stepping ~*~*~tactically~*~*~ (stealth).
 20988 | D:15     | Entered Level 15 of the Dungeon
 21002 | D:15     | 21002 ||| SWAPPING to -2 demon whip of venom.
 21004 | D:15     | 21004 ||| INVOKING Berserk.
 21045 | D:15     | 21045 ||| SWAPPING to +7 broad axe of Dullness {vorpal,
                  | Str+3}.
 21186 | D:15     | Found a staircase to the Depths.
 21190 | D:15     | 21190 ||| INVOKING Berserk.
 21358 | D:15     | 21358 ||| SWAPPING to -2 demon whip of venom.
 21360 | D:15     | 21360 ||| INVOKING Berserk.
 21370 | D:15     | 21370 ||| SWAPPING to +7 broad axe of Dullness {vorpal,
                  | Str+3}.
 21506 | D:15     | 21506 ||| FLEEEEING.
 21507 | D:15     | 21507 ||| FLEEEEING.
 21508 | D:15     | 21508 ||| FLEEEEING.
 21509 | D:15     | 21509 ||| FLEEEEING.
 21519 | D:15     | 21519 ||| STAIRDANCE
 21598 | D:15     | Reached skill level 12 in Armour
 21737 | D:15     | Reached skill level 17 in Axes
 21808 | D:15     | 21808 ||| Stepping ~*~*~tactically~*~*~ (hiding).
 22104 | D:15     | Found a hide-covered altar of Uskayaw.
 22185 | D:15     | 22185 ||| SWAPPING to -2 demon whip of venom.
 22187 | D:15     | 22187 ||| INVOKING Berserk.
 22196 | D:15     | 22196 ||| SWAPPING to +7 broad axe of Dullness {vorpal,
                  | Str+3}.
 22376 | D:15     | 22376 ||| Stepping ~*~*~tactically~*~*~ (hiding).
 22377 | D:15     | 22377 ||| Stepping ~*~*~tactically~*~*~ (hiding).
 22380 | D:15     | 22380 ||| SWAPPING to -2 demon whip of venom.
 22381 | D:15     | 22381 ||| INVOKING Berserk.
 22413 | D:15     | 22413 ||| SWAPPING to +7 broad axe of Dullness {vorpal,
                  | Str+3}.
 22483 | D:15     | 22483 ||| PLANNING ORC
 22605 | Orc:1    | Entered Level 1 of the Orcish Mines
 22606 | Orc:1    | 22606 ||| Stepping ~*~*~tactically~*~*~ (hiding).
 22607 | Orc:1    | 22607 ||| Stepping ~*~*~tactically~*~*~ (hiding).
 22690 | Orc:1    | 22690 ||| INVOKING Berserk.
 22705 | Orc:1    | 22705 ||| Stepping ~*~*~tactically~*~*~ (stealth).
 22706 | Orc:1    | 22706 ||| Stepping ~*~*~tactically~*~*~ (stealth).
 22828 | Orc:1    | 22828 ||| DROPPING -2 demon whip of venom.
 22892 | Orc:1    | 22892 ||| Stepping ~*~*~tactically~*~*~ (stealth).
 22896 | Orc:1    | 22896 ||| Stepping ~*~*~tactically~*~*~ (stealth).
 22906 | Orc:1    | 22906 ||| Stepping ~*~*~tactically~*~*~ (stealth).
 22908 | Orc:1    | 22908 ||| Stepping ~*~*~tactically~*~*~ (hiding).
 23002 | Orc:1    | 23002 ||| Stepping ~*~*~tactically~*~*~ (stealth).
 23003 | Orc:1    | 23003 ||| Stepping ~*~*~tactically~*~*~ (stealth).
 23006 | Orc:1    | 23006 ||| Stepping ~*~*~tactically~*~*~ (stealth).
 23007 | Orc:1    | 23007 ||| Stepping ~*~*~tactically~*~*~ (stealth).
 23008 | Orc:1    | 23008 ||| Stepping ~*~*~tactically~*~*~ (stealth).
 23121 | Orc:1    | 23121 ||| Stepping ~*~*~tactically~*~*~ (stealth).
 23123 | Orc:1    | 23123 ||| Stepping ~*~*~tactically~*~*~ (hiding).
 23136 | Orc:1    | 23136 ||| Stepping ~*~*~tactically~*~*~ (hiding).
 23303 | Orc:1    | 23303 ||| Stepping ~*~*~tactically~*~*~ (stealth).
 23308 | Orc:1    | 23308 ||| Stepping ~*~*~tactically~*~*~ (stealth).
 23315 | Orc:1    | Reached skill level 3 in Throwing
 23328 | Orc:1    | 23328 ||| Stepping ~*~*~tactically~*~*~ (stealth).
 23336 | Orc:1    | 23336 ||| Stepping ~*~*~tactically~*~*~ (hiding).
 23448 | Orc:2    | Entered Level 2 of the Orcish Mines
 23463 | Orc:2    | 23463 ||| INVOKING Berserk.
 23479 | Orc:2    | 23479 ||| FLEEEEING.
 23480 | Orc:2    | 23480 ||| FLEEEEING.
 23481 | Orc:2    | 23481 ||| FLEEEEING.
 23482 | Orc:2    | 23482 ||| FLEEEEING.
 23483 | Orc:2    | 23483 ||| FLEEEEING.
 23484 | Orc:2    | 23484 ||| STAIRDANCE
 23641 | Orc:2    | 23641 ||| STAIRDANCE
 23649 | Orc:2    | 23649 ||| STAIRDANCE
 23765 | Orc:2    | 23765 ||| Stepping ~*~*~tactically~*~*~ (stealth).
 23767 | Orc:2    | 23767 ||| Stepping ~*~*~tactically~*~*~ (hiding).
 23777 | Orc:2    | 23777 ||| INVOKING Berserk.
 23935 | Orc:2    | Found a staircase to the Elven Halls.
 24061 | Orc:2    | 24061 ||| Stepping ~*~*~tactically~*~*~ (stealth).
 24062 | Orc:2    | 24062 ||| Stepping ~*~*~tactically~*~*~ (stealth).
 24063 | Orc:2    | 24063 ||| Stepping ~*~*~tactically~*~*~ (stealth).
 24064 | Orc:2    | 24064 ||| Stepping ~*~*~tactically~*~*~ (stealth).
 24066 | Orc:2    | 24066 ||| Stepping ~*~*~tactically~*~*~ (hiding).
 24071 | Orc:2    | Received a gift from Trog
 24092 | Orc:2    | 24092 ||| Stepping ~*~*~tactically~*~*~ (stealth).
 24096 | Orc:2    | 24096 ||| Stepping ~*~*~tactically~*~*~ (hiding).
 24097 | Orc:2    | 24097 ||| Stepping ~*~*~tactically~*~*~ (hiding).
 24102 | Orc:2    | 24102 ||| Stepping ~*~*~tactically~*~*~ (hiding).
 24117 | Orc:2    | 24117 ||| FLEEEEING.
 24118 | Orc:2    | 24118 ||| FLEEEEING.
 24119 | Orc:2    | 24119 ||| FLEEEEING.
 24120 | Orc:2    | 24120 ||| FLEEEEING.
 24121 | Orc:2    | 24121 ||| FLEEEEING.
 24122 | Orc:2    | 24122 ||| FLEEEEING.
 24123 | Orc:2    | 24123 ||| FLEEEEING.
 24124 | Orc:2    | 24124 ||| FLEEEEING.
 24125 | Orc:2    | 24125 ||| FLEEEEING.
 24126 | Orc:2    | 24126 ||| FLEEEEING.
 24127 | Orc:2    | 24127 ||| FLEEEEING.
 24129 | Orc:2    | 24129 ||| FLEEEEING.
 24131 | Orc:2    | 24131 ||| FLEEEEING.
 24132 | Orc:2    | 24132 ||| FLEEEEING.
 24133 | Orc:2    | 24133 ||| FLEEEEING.
 24134 | Orc:2    | 24134 ||| FLEEEEING.
 24135 | Orc:2    | 24135 ||| FLEEEEING.
 24136 | Orc:2    | 24136 ||| FLEEEEING.
 24137 | Orc:2    | 24137 ||| FLEEEEING.
 24138 | Orc:2    | 24138 ||| FLEEEEING.
 24139 | Orc:2    | 24139 ||| FLEEEEING.
 24140 | Orc:2    | 24140 ||| FLEEEEING.
 24142 | Orc:2    | 24142 ||| FLEEEEING.
 24143 | Orc:2    | 24143 ||| FLEEEEING.
 24144 | Orc:2    | 24144 ||| FLEEEEING.
 24145 | Orc:2    | 24145 ||| FLEEEEING.
 24146 | Orc:2    | 24146 ||| FLEEEEING.
 24147 | Orc:2    | 24147 ||| FLEEEEING.
 24149 | Orc:2    | 24149 ||| FLEEEEING.
 24150 | Orc:2    | 24150 ||| FLEEEEING.
 24151 | Orc:2    | 24151 ||| FLEEEEING.
 24152 | Orc:2    | 24152 ||| STAIRDANCE
 24225 | Orc:2    | 24225 ||| STAIRDANCE
 24231 | Orc:2    | 24231 ||| INVOKING Berserk.
 24254 | Orc:2    | 24254 ||| STAIRDANCE
 24388 | Orc:2    | Found Uler Heg's CLEARANCE SALE!.
 24396 | Orc:2    | 24396 ||| BUYING potion of haste (40 gold).
 24396 | Orc:2    | Bought a potion of haste for 40 gold pieces
 24396 | Orc:2    | 24396 ||| BUYING scroll of enchant armour (30 gold).
 24396 | Orc:2    | Bought a scroll of enchant armour for 30 gold pieces
 24396 | Orc:2    | 24396 ||| READING scroll of enchant armour.
 24396 | Orc:2    | 24396 ||| ENCHANTING +1 pair of boots.
 24454 | Orc:2    | 24454 ||| INVOKING Berserk.
 24479 | Orc:2    | 24479 ||| INVOKING Brothers in Arms.
 24482 | Orc:2    | 24482 ||| INVOKING Brothers in Arms.
 24489 | Orc:2    | Reached skill level 6 in Dodging
 24709 | Orc:2    | 24709 ||| Stepping ~*~*~tactically~*~*~ (stealth).
 24710 | Orc:2    | 24710 ||| Stepping ~*~*~tactically~*~*~ (hiding).
 24722 | Orc:2    | 24722 ||| INVOKING Berserk.
 24751 | Orc:2    | HP: 18/98 [orc warrior/+0 halberd (12)]
 24751 | Orc:2    | HP: 1/98 [orc warrior/+0 halberd (17)]
 24751 | Orc:2    | Killed from afar by an orc priest

Levels and vault maps discovered:
D:1:      saegor_arrival_simple_a, layout_basic
D:2:      layout_basic, uniq_terence, uniq_jessica
D:3:      layout_basic, hellmonk_ecumenical_altar_defaced_shrine,
          chequers_serial_rivers_micro_a, hangedman_decor_clover_reticule
D:4:      layout_cave_pools, minmay_temple_entry_drinking_statues
D:5:      layout_loops_ring, uniq_duvessa
D:6:      layout_basic, portal_sewer_entry_c, serial_shops, shop
D:7:      minmay_the_grid_triangle_9x9_recursive_2
          [minmay_the_grid_triangle_9x9_prize_special,
          minmay_the_grid_triangle_9x9_dagger,
          minmay_the_grid_triangle_9x9_descending_squares,
          minmay_the_grid_triangle_9x9_from_above], layout_gridville,
          nicolae_ashenzari_panopticon
D:8:      layout_basic, mainiacjoe_overflow_small_starburst,
          minmay_overflow_temple_star_quad,
          nicolae_gozag_cash_rules_everything_around_me, serial_shops, shop
D:9:      layout_irregular_city, minmay_strange_pillars,
          minmay_fractal_squares_diagonal_5
D:10:     layout_cross, gammafunk_temple_overflow_wave, lair_entry_dummy,
          serial_shops, nicolae_shop_crystal, uniq_amaemon
D:11:     layout_roguey, portal_ice_cave_entry_ice_simulacra,
          ebering_ghost_gozag, serial_bayou, serial_bayou_pond_c,
          serial_bayou_lagoon_a, serial_bayou_pond_e, serial_bayou_crossing
D:12:     layout_loops_ring, david_orc_4, serial_rivers,
          chequers_serial_rivers_marsh, chequers_serial_rivers_large_b,
          chequers_serial_rivers_small_3, chequers_serial_rivers_micro_a,
          chequers_serial_rivers_micro_a
D:13:     layout_loops_corners, david_vaults_4, nicolae_trove_entry_isolated,
          minmay_hollow_rounded_squares
D:14:     layout_roguey, chequers_arboretum, chequers_serial_rivers_small_3
D:15:     grunt_enter_depths_giant_problem, layout_irregular_city,
          nicolae_uskayaw_dance_hall
Lair:1:   cheibrodos_lair_river_kwai, layout_chaotic_city, serial_bayou,
          serial_bayou_ford_a, serial_bayou_pond_d, serial_bayou_pond_b,
          serial_bayou_lagoon_b
Lair:2:   minmay_guarded_unrand_snakebite, layout_cave_shapes,
          nicolae_spider_entry_non_spiders, ebering_ghost_reflecting_pool
Lair:3:   layout_roguey, minmay_swamp_entry_worms, hellmonk_guarded_unrand_zhor,
          uniq_gastronok
Lair:4:   hellmonk_destroyed_diamonds, layout_gridlike, slime_entry_1,
          lemuel_fruit_fields, infiniplex_staircase_pool
Lair:5:   gammafunk_lair_ancient_temple, layout_misc_corridors,
          gauntlet_entry_generic
Orc:1:    layout_caves
Orc:2:    st_orc_pillars, layout_diamond_mine, nicolae_shop_clearance

Skill      XL: |  1  2  3  4  5  6  7  8  9 10 11 12 13 14 15 |
---------------+----------------------------------------------+-----
Axes           | 3 4 5 6 7 8 9 11 12 14 15 16 17 | 17.2
Armour         | 3 4 5 6 7 8 9 10 11 12 | 12.1
Fighting       | 4 5 7 9 10 11 12 13 | 13.0
Throwing       | 1 2 4 |  4.0
Shields        | 4 5 6 7 11 13 | 13.0
Dodging        | 2 3 4 5 6 |  6.0

Action                   |  1- 3 |  4- 6 |  7- 9 | 10-12 | 13-15 || total
-------------------------+-------+-------+-------+-------+-------++-------
Melee: Hand axe          |    69 |   108 |       |       |       ||   177
       Punch             |     1 |     5 |     1 |       |       ||     7
       War axe           |       |    57 |   103 |       |       ||   160
       Broad axe         |       |       |    77 |   249 |   787 ||  1113
       Flail             |       |       |       |     1 |       ||     1
       Demon whip        |       |       |       |       |    72 ||    72
Throw: Boomerang         |       |    15 |    64 |   120 |   152 ||   351
Invok: Berserk           |     1 |     5 |     7 |     6 |    24 ||    43
       Brothers in Arms  |       |       |       |     4 |     8 ||    12
       Trog's Hand       |       |       |       |       |     2 ||     2
  Use: Scroll            |     2 |     6 |    15 |    12 |     2 ||    37
       Potion            |     2 |     4 |       |     1 |       ||     7
 Stab: Distracted        |       |       |       |     1 |     2 ||     3
Armor: Animal skin       |     6 |       |       |       |       ||     6
       Plate armour      |    20 |    97 |   113 |   143 |   314 ||   687
Dodge: Dodged            |    22 |    61 |    67 |    82 |   169 ||   401
Block: Other             |       |       |    19 |       |       ||    19
       Buckler           |       |       |    39 |   151 |   114 ||   304
       Reflection        |       |       |     1 |     6 |    31 ||    38
       Kite shield       |       |       |       |       |   426 ||   426

Table legend:
 A = Non-vault XP
 B = Vault XP
 C = Vault XP percentage of total XP
 D = Non-vault monster count
 E = Vault monster count
 F = Vault count percentage of total count
                 A         B        C        D         E       F
            +---------+---------+-------+---------+---------+-------
      Total |   85870 |   41958 |  32.8 |     486 |     198 |  28.9
            +---------+---------+-------+---------+---------+-------
        D:1 |      22 |       0 |   0.0 |      12 |       0 |   0.0
        D:2 |      28 |      73 |  72.3 |      11 |       2 |  15.4
        D:3 |     212 |       9 |   4.1 |      36 |       3 |   7.7
        D:4 |     292 |       0 |   0.0 |      18 |       0 |   0.0
        D:5 |     607 |     229 |  27.4 |      11 |       2 |  15.4
        D:6 |    1093 |      22 |   2.0 |      23 |       6 |  20.7
        D:7 |     592 |    3917 |  86.9 |       7 |      14 |  66.7
        D:8 |     592 |       0 |   0.0 |      22 |       0 |   0.0
        D:9 |    1274 |    1182 |  48.1 |      25 |       6 |  19.4
       D:10 |    3026 |    1184 |  28.1 |      17 |       2 |  10.5
       D:11 |    3872 |     252 |   6.1 |      18 |       6 |  25.0
       D:12 |    8551 |     659 |   7.2 |      34 |      14 |  29.2
       D:13 |    5394 |   10675 |  66.4 |      15 |      19 |  55.9
       D:14 |   11931 |       0 |   0.0 |      26 |       0 |   0.0
       D:15 |   13333 |    1036 |   7.2 |      26 |       1 |   3.7
     Lair:1 |    2540 |    1958 |  43.5 |      15 |       7 |  31.8
     Lair:2 |    2513 |    2412 |  49.0 |      12 |      19 |  61.3
     Lair:3 |    2575 |    3370 |  56.7 |      15 |       7 |  31.8
     Lair:4 |    8375 |       0 |   0.0 |      21 |       0 |   0.0
     Lair:5 |   10756 |    8203 |  43.3 |      35 |      22 |  38.6
      Orc:1 |    4750 |     130 |   2.7 |      50 |       1 |   2.0
      Orc:2 |    3542 |    6469 |  64.6 |      37 |      48 |  56.5
      Sewer |       0 |     178 | 100.0 |       0 |      19 | 100.0
            +---------+---------+-------+---------+---------+-------
